 Dungeon Crawl Stone Soup version 0.28-a0-1524-ge72afd5fc6 (webtiles) character file.

Game seed: 3404856795724060903

37 Shayle the Grasshopper (level 3, 0/28 HPs)
             Began as a Demonspawn Warper on Jan 18, 2022.
             Slain by an ufetubus (4 damage)
             ... on level 2 of the Dungeon.
             The game lasted 00:02:43 (1706 turns).

Shayle the Grasshopper (Demonspawn Warper)          Turns: 1706, Time: 00:02:45

Health: 0/28       AC:  3    Str: 11    XL:     3   Next: 21%
Magic:  6/6        EV: 11    Int: 16    God:
Gold:   33         SH:  0    Dex: 12    Spells: 6/6 levels left

rFire   . . .      SeeInvis .     - Unarmed
rCold   . . .      Faith    .   (no shield)
rNeg    . . .      Spirit   .   a - +0 leather armour
rPois   .          Reflect  .   (no helmet)
rElec   .          Harm     .   (no cloak)
rCorr   .          Rampage  .   (no gloves)
Will    .....                   (no boots)
Stlth   +.........              (no amulet)
HPRegen 0.09/turn               (no ring)
MPRegen 0.10/turn               (no ring)

@: no status effects
A: demonic touch 1
a: no special abilities


You were on level 2 of the Dungeon.
You visited 1 branch of the dungeon, and saw 2 of its levels.

You collected 33 gold pieces.

Inventory:

Missiles
 c - 2 boomerangs of dispersal (quivered)
 i - 5 poisoned darts
Armour
 a - a +0 leather armour (worn)
Scrolls
 b - a scroll of blinking
 d - a scroll of summoning {unknown}
 e - a scroll of identify {unknown}
 h - a scroll of torment {unknown}
Potions
 f - a potion of cancellation {unknown}
 g - a potion of might {unknown}


   Skills:
 + Level 2.5 Fighting
 - Level 0.8 Throwing
 - Level 0.8 Armour
 + Level 2.2 Dodging
 + Level 2.2 Unarmed Combat
 + Level 2.4 Spellcasting
 - Level 2.6 Translocations


You had 6 spell levels left.
You didn't know any spells.
Your spell library contained the following spells:

 Spells                   Type           Power      Damage    Failure   Level
 Blink                    Tloc           20%        N/A       13%         2
 Gell's Gravitas          Tloc           10%        N/A       26%         3
 Lesser Beckoning         Tloc           10%        N/A       26%         3
 Teleport Other           Tloc           10%        N/A       26%         3
 Static Discharge         Conj/Air       1%         N/A       36%         2
 Manifold Assault         Tloc           10%        N/A       94%         5
 Lightning Bolt           Conj/Air       0%         1d11      100%        5
 Maxwell's Capacitive Co  Air            0%         ∞         100%        8


Dungeon Overview and Level Annotations

Branches:
Dungeon (2/15)

Altars:


Innate Abilities, Weirdness & Mutations

Your touch may inflict minor irresistible damage on your foes.


Message History

You closely miss the ufetubus.
You touch the ufetubus.
The ufetubus is heavily wounded.
The ufetubus barely misses you. The ufetubus hits you.
You barely miss the ufetubus.
The ufetubus is heavily wounded.
The ufetubus hits you but does no damage.
The ufetubus barely misses you. x3
You completely miss the ufetubus. Your touch misses the ufetubus.
The ufetubus is moderately wounded.
The ufetubus hits you but does no damage.
The ufetubus closely misses you.
Throw: 5 boomerangs (disperse)
Press: ? - help, Q - select action, (/) - cycle Shift-Dir - straight line, f - ufetubus
Aim: an ufetubus (moderately wounded, 38% to hit)
You throw a boomerang of dispersal.
The boomerang of dispersal misses the ufetubus.
The ufetubus hits you.
* * * LOW HITPOINT WARNING * * *
The ufetubus hits you.
* * * LOW HITPOINT WARNING * * *
The ufetubus hits you.
* * * LOW HITPOINT WARNING * * *
The ufetubus barely misses you.
Throw: 4 boomerangs (disperse)
Press: ? - help, Q - select action, (/) - cycle Shift-Dir - straight line, f/p - ufetubus
Aim: an ufetubus (moderately wounded, 38% to hit)
You throw a boomerang of dispersal.
The boomerang of dispersal closely misses the ufetubus.
The ufetubus hits you.
* * * LOW HITPOINT WARNING * * *
The ufetubus closely misses you.
The ufetubus hits you but does no damage.
The ufetubus barely misses you.
Throw: 3 boomerangs (disperse)
Press: ? - help, Q - select action, (/) - cycle Shift-Dir - straight line, f/p - ufetubus
Aim: an ufetubus (moderately wounded, 38% to hit)
You throw a boomerang of dispersal.
The boomerang of dispersal closely misses the ufetubus.
The ufetubus closely misses you. The ufetubus hits you.
You die...

#######.# #.#
........# #.#
.######## #.# .#
#.## .####
######..# ....#
#.......#
#...######.#####.#
#..........# #.#
#...######## #@#
###.# #5# ###.#
#.# .†..#
.b..........5..
##.##
$...###.#######
#.# .. #.# ##...
#.. .>... #.#
###### #.#


You could see an ufetubus.

Vanquished Creatures
  A worm (D:2)
  2 dart slugs
  2 ball pythons (D:1)
  6 bats
  4 endoplasms (D:1)
  2 giant cockroaches
  4 goblins
  A hobgoblin (D:1)
  2 frilled lizards (D:1)
  3 rats
  A spectral kobold (D:1)
28 creatures vanquished.

Notes
Turn   | Place    | Note
-------+----------+-------------------------------------------
     0 | D:1      | Shayle the Demonspawn Warper began the quest for the Orb.
     0 | D:1      | Reached XP level 1. HP: 16/16 MP: 3/3
   469 | D:1      | Discovered your monstrous ancestry.
   469 | D:1      | Gained mutation: Your touch may inflict minor irresistible
                  | damage on your foes. [demonic ancestry]
   469 | D:1      | Reached XP level 2. HP: 19/22 MP: 5/5
   536 | D:1      | Found a faded altar of an unknown god.
  1516 | D:2      | Reached XP level 3. HP: 25/28 MP: 6/6
  1706 | D:2      | Slain by an ufetubus

Illustrated notes

Levels and vault maps discovered:
D:1:      evilmike_arrival_rings, layout_basic,
          dreamdust_ecumenical_altar_drowned_temple, hangedman_decor_growths
D:2:      layout_loops_ring, feat_on_display

Skill      XL: |  1 |
---------------+----+-----
Dodging        | 2 |  2.2
Unarmed Combat | 2 |  2.2
Fighting       | |  2.5
Throwing       | |  0.8
Armour         | |  0.8
Spellcasting   | |  2.4
Translocations | |  2.6

Action                   || total
-------------------------++-------
Melee: Unarmed           ||   107
       Touch             ||    18
Throw: Boomerang         ||     3
Armor: Leather armour    ||    40
Dodge: Dodged            ||    66

Table legend: (Time is in decaauts)
 A = Elapsed time spent in this place.
 B = Non-inter-level travel time spent in this place.
 C = Inter-level travel time spent in this place.
 D = Time resting spent in this place.
 E = Time spent auto-exploring this place.
 F = Levels seen in this place.
 G = Mean time per level.
                   A        B        C        D        E       F      G
               +--------+--------+--------+--------+--------+-----+--------+
         Total |   1706 |   1665 |     41 |      0 |   1390 |   2 |  853.0 |
       Dungeon |   1706 |   1665 |     41 |      0 |   1390 |   2 |  853.0 |
               +--------+--------+--------+--------+--------+-----+--------+

Top non-repeatable levels by time:
     D:1: 1493 daAuts
     D:2: 213 daAuts
